 Dungeon Crawl Stone Soup version 0.31-a0-1338-gb567cfdca4 (webtiles) character file.

Game seed: 11554022922336669872

196 IdlyInterested the Insei (level 5, -5/41 HPs)
             Began as a Demonspawn Shapeshifter on Dec 21, 2023.
             Killed by nerve-wracking pain
             ... invoked by Grinder
              (9 damage)
             ... on level 3 of the Dungeon.
             The game lasted 00:08:05 (1803 turns).

IdlyInterested the Insei (Demonspawn Shapeshifter)  Turns: 1803, Time: 00:08:05

Health: -5/41      AC: 10    Str: 14    XL:     5   Next: 46%
Magic:  5/5        EV:  9    Int: 11    God:
Gold:   110        SH:  0    Dex: 14    Spells: 4/4 levels left

rFire   . .          .
                       - Unarmed
rCold   . . .        (no shield)
rNeg    . . .        m - +0 scale mail
rPois   .            (helmet currently unavailable)
rElec   .            (cloak currently unavailable)
rCorr   .            (gloves currently unavailable)
SInv    .            (boots currently unavailable)
Will    +....        (no amulet) Stlth
                     k - +4 ring of protection
HPRegen 0.26/turn    (no ring)
MPRegen 0.09/turn

%: no passive effects
@: confused, brilliant, beast-form, ambrosia-drunk, enlightened, flying
A: beast (slay +1), antennae 1, foul stench 1, powered by death 1
a: Begin Untransformation


You were on level 3 of the Dungeon.
You were a hulking beast.
You visited 1 branch of the dungeon, and saw 3 of its levels.

You collected 192 gold pieces.
You spent 82 gold pieces at shops.

Inventory:

Hand Weapons
 s - a +0 war axe
 t - a +0 flail
Missiles
 a - 6 boomerangs (quivered)
 h - 27 stones
 u - 3 poisoned darts
Armour
 e - a +0 ring mail
 m - a +0 scale mail (worn)
Jewellery
 k - a +4 ring of protection (left hand)
Talismans
 c - a beast talisman
 d - a flux talisman
Scrolls
 l - a scroll of fear {unknown}
 n - a scroll of identify {unknown}
 p - 2 scrolls of amnesia {unknown}
 q - a scroll of vulnerability {unknown}
 r - a scroll of enchant weapon
 v - a scroll of revelation {unknown}
 w - a scroll of immolation {unknown}
Potions
 b - 2 potions of lignification
 j - a potion of might {unknown}
 o - a potion of haste {unknown}


   Skills:
 - Level 3.0 Fighting
 + Level 2.0 Dodging
 + Level 4.6 Unarmed Combat
 - Level 3.0 Shapeshifting


You had 4 spell levels left.
You didn't know any spells.
Your spell library contained the following spells:

 Spells                   Type           Power      Damage    Failure   Level
 Lesser Beckoning         Tloc           0%         N/A       94%         2
 Gell's Gravitas          Tloc           0%         N/A       99%         3
 Teleport Other           Tloc           0%         N/A       99%         3


Dungeon Overview and Level Annotations

Branches:
Dungeon (3/15)

Altars:

Shops:
D:1 ?

Annotations:
D:3 3 runed translucent doors, Grinder; mandoloar's ghost, amateur GnEE


Innate Abilities, Weirdness & Mutations

You are a hulking beast.
Your limbs bulge with bestial killing power. (Slay +1)
You have a pair of small antennae on your head.
You may rarely emit foul miasma when damaged in melee.
You regenerate a little health from kills.


Message History

Grinder hits you.
You writhe in agony.
You hit Grinder.
Grinder is heavily wounded.
Grinder barely misses you.
You closely miss Grinder.
Grinder is heavily wounded.
You closely miss Grinder.
Grinder is heavily wounded.
Grinder barely misses you.
You barely miss Grinder.
Grinder is heavily wounded.
Grinder closely misses you.
You hit Grinder.
Grinder is heavily wounded.
Grinder barely misses you.
You completely miss Grinder.
Grinder is heavily wounded.
Grinder completely misses you.
You hit Grinder but do no damage.
Grinder is heavily wounded.
Grinder hits you!
You writhe in agony.
* * * LOW HITPOINT WARNING * * *
You hit Grinder.
Grinder is heavily wounded.
Grinder gestures at you. Pain shoots through your body!
* * * LOW HITPOINT WARNING * * *
It was a potion of enlightenment.
You feel very buoyant.
You fly up into the air.
Grinder barely misses you.
It was a potion of brilliance.
You feel clever all of a sudden.
Grinder blinks!
It was a potion of ambrosia.
You are confused.
You feel invigorated. Grinder gestures at you. Pain shoots through your body!
You die...
Grinder sighs, "Dead already?
I want a refund."

#..............
#.####......<..
#..###.........
##..###........
#########.# #........
#.........##.........
#.........##.........
#.........##.........
#...h................
#....5....##.........
#.........# ........
#########.# .. #.# #
.. ... ..


You could see Grinder.

Vanquished Creatures
  A black bear (D:3)
  Jessica (D:2)
  3 adders
  A dart slug (D:2)
  4 orcs (D:3)
  7 bats
  4 endoplasms
  A giant cockroach (D:2)
  4 goblins
  5 hobgoblins
  8 kobolds
  A quokka (D:1)
  2 ball pythons (D:1)
  3 frilled lizards (D:2)
  6 rats
51 creatures vanquished.

Notes
Turn   | Place    | Note
-------+----------+-------------------------------------------
     0 | D:1      | IdlyInterested the Demonspawn Shapeshifter began the quest
                  | for the Orb.
     0 | D:1      | Reached XP level 1. HP: 15/15 MP: 1/1
    97 | D:1      | Gained mutation: You regenerate a little health from kills.
                  | [demonic ancestry]
    97 | D:1      | Reached XP level 2. HP: 21/21 MP: 2/2
   145 | D:1      | Reached skill level 3 in Unarmed Combat
   483 | D:1      | Found Rinic's Magic Scroll Shop.
   866 | D:2      | Reached XP level 3. HP: 27/27 MP: 3/3
   932 | D:2      | Noticed Jessica
   946 | D:2      | Killed Jessica
   952 | D:2      | Gained mutation: You have a pair of small antennae on your
                  | head. [demonic ancestry]
   952 | D:2      | Reached XP level 4. HP: 9/34 MP: 4/4
  1527 | D:1      | Bought a scroll of enchant weapon for 82 gold pieces
  1588 | D:3      | Noticed a black bear
  1596 | D:3      | Killed a black bear
  1597 | D:3      | Reached skill level 4 in Unarmed Combat
  1597 | D:3      | Gained mutation: You may rarely emit foul miasma when
                  | damaged in melee. [demonic ancestry]
  1597 | D:3      | Reached XP level 5. HP: 41/41 MP: 5/5
  1695 | D:3      | Found a runed translucent gate.
  1696 | D:3      | Found a runed translucent gate.
  1697 | D:3      | Found a runed translucent gate.
  1697 | D:3      | Noticed mandoloar's ghost (amateur GnEE)
  1767 | D:3      | Noticed Grinder
  1772 | D:3      | Paralysed by Grinder for 2 turns
  1783 | D:3      | Paralysed by Grinder for 2 turns
  1800 | D:3      | HP: 1/41 [Grinder/nerve-wracking pain (12)]
  1803 | D:3      | Killed from afar by Grinder

Illustrated notes

Levels and vault maps discovered:
D:1:      minmay_arrival_radiant_lines, layout_basic, serial_shops,
          nicolae_shop_crystal
D:2:      layout_loops_ring, uniq_jessica
D:3:      layout_rooms, ebering_ecumenical_altar_rust, gammafunk_ghost_split,
          dreamdust_princess_corridor, grunt_decor_one_mirror, uniq_grinder

Skill      XL: |  1  2  3  4  5 |
---------------+----------------+-----
Shapeshifting  | 3 |  3.0
Unarmed Combat | 3 4 |  4.6
Fighting       | 2 3 |  3.0
Dodging        | 2 |  2.0

Action                     |  1- 3 |  4- 6 || total
---------------------------+-------+-------++-------
  Melee: Unarmed           |    91 |    84 ||   175
         Punch             |     1 |       ||     1
  Throw: Boomerang         |       |    15 ||    15
    Use: Potion            |       |     3 ||     3
 Armour: Animal skin       |    17 |       ||    17
         Ring mail         |    24 |       ||    24
         Scale mail        |    26 |    49 ||    75
  Dodge: Dodged            |    54 |    35 ||    89

Table legend: (Time is in decaauts)
 A = Elapsed time spent in this place.
 B = Non-inter-level travel time spent in this place.
 C = Inter-level travel time spent in this place.
 D = Time resting spent in this place.
 E = Time spent auto-exploring this place.
 F = Levels seen in this place.
 G = Mean time per level.
                   A        B        C        D        E       F      G
               +--------+--------+--------+--------+--------+-----+--------+
         Total |   1797 |   1655 |    142 |    268 |    780 |   3 |  599.0 |
       Dungeon |   1797 |   1655 |    142 |    268 |    780 |   3 |  599.0 |
               +--------+--------+--------+--------+--------+-----+--------+

Top non-repeatable levels by time:
     D:1: 851 daAuts
     D:2: 731 daAuts
     D:3: 214 daAuts
